AoeStats
← Joey_did_it

Arena

510196678Analyzed
1v1 RM · 1d ago on Sep 29, 2026· 23m 22s· 2 players
Game mode
Random Map
Map size
Tiny (2 player)
Population
200
Speed
Normal
Resources
Standard
Victory
Conquest
Starting age
Dark Age
Ending age
Imperial Age
RankedLock teamsTeams togetherTeam positionsShared explorationLock speedFull tech treeHidden civsTurbo modeCheats
Victory
Defeat
🇵🇹 Japanese · Portugal
923
+17
🇺🇸 Sicilians · United States
944
-46
Ironduke
5:29 Loom
9:48 Loom
11:52 Feudal Age
16:04 Castle Age
13:53 Horse Collar
14:26 Double-Bit Axe
17:32 Bow Saw
17:34 Scale Mail Armor
20:34 Chain Mail Armor
Joey_did_it
24:54 Feudal Age
Connection lost

Rejoining the realm…

Still unreachable

The connection could not be restored.

Session expired

The server has moved on; the page needs a fresh start.